 Dungeon Crawl Stone Soup version coffee-0.2.0 (webtiles) character file.

Game seed: 18087718572201720712, levelgen mode: deterministic

10809 Dorkslayer the Carver (level 11, -9/81 HPs)
             Began as a Human Fighter on Sept 28, 2020.
             Was a High Priest of Okawaru.
             Mangled by a green draconian monk (10 damage)
             ... on level 10 of the Dungeon.
             The game lasted 00:31:21 (7854 turns).

Dorkslayer the Carver (Human Fighter)               Turns: 7854, Time: 00:31:22

Health: -9/81      AC: 21    Str: 28    XL:     11   Next: 99%
Magic:  16/16      EV: 10    Int:  9    God:    Okawaru [*****.]
Gold:   362        SH: 12    Dex: 12    Spells: 10/10 levels left

rFire    + . .     SeeInvis .   E - +9 demon blade "Resodosch" {flame, rC+}
rCold    + . .     Gourm    .   c - +0 kite shield
rNeg     . . .     Faith    .   o - +7 plate armour {rF+}
rPois    .         Spirit   .   (no helmet)
rElec    .         Reflect  .   (no cloak)
rCorr    .         Harm     .   (no gloves)
MR       .....                  (no boots)
Stlth    ..........             y - amulet of the acrobat
HPRegen  0.23/turn              n - +6 ring of strength
MPRegen  0.15/turn              G - +2 ring of strength

@: lethally poisoned (-9 -> -25)
A: no striking features
a: Heroism, Finesse, Renounce Religion


You were on level 10 of the Dungeon.
You worshipped Okawaru.
Okawaru was extremely pleased with you.
You were not hungry.

You visited 2 branches of the dungeon, and saw 11 of its levels.

You collected 511 gold pieces.
You spent 149 gold pieces at shops.

Inventory:

Hand Weapons
 w - a +2 vorpal long sword
 E - the +9 demon blade "Resodosch" (weapon) {flame, rC+}
   (Okawaru gifted it to you on level 9 of the Dungeon)

   It has been specially enchanted to burn those struck by it, causing extra
   injury to most foes and up to half again as much damage against particularly
   susceptible opponents.
   Big, fiery blades are also staple armaments of hydra-hunters.
   It protects you from cold.
Missiles
 d - 8 boomerangs of dispersal
 g - 5 silver boomerangs
 r - 4 boomerangs
 x - 11 javelins (quivered)
 z - 11 silver javelins
Armour
 c - a +0 kite shield (worn)
 o - a +7 plate armour of fire resistance (worn)
Jewellery
 n - a +6 ring of strength (left hand)
 y - an amulet of the acrobat (around neck)
 A - an uncursed ring of protection from fire
 G - a +2 ring of strength (right hand)
Wands
 b - a wand of random effects (20)
 h - a wand of flame (20)
Scrolls
 e - a scroll of amnesia
 l - 3 scrolls of blinking
 q - 4 scrolls of remove curse
 s - 2 scrolls of fear
 t - 5 scrolls of teleportation
 u - 2 scrolls of fog
 C - a scroll of silence
Potions
 i - 3 potions of brilliance
 j - 2 potions of magic
 k - 2 potions of invisibility
 m - 2 potions of flight
 v - a potion of haste
 B - 2 potions of curing
 D - 2 potions of resistance
Miscellaneous
 a - a sack of spiders
Comestibles
 f - 20 rations
 F - 28 chunks of flesh


   Skills:
 + Level 6.0(9.0) Fighting
   Level 5.2(7.7) Short Blades
 + Level 8.7(9.3) Long Blades
 + Level 5.3 Throwing
 + Level 6.0(9.0) Armour
 + Level 0.9(7.6) Dodging
 + Level 8.2(9.9) Shields
 * Level 7.5(8.7) Invocations
 * Level 6.0(7.5) Evocations


You had 10 spell levels left.
You didn't know any spells.
Your spell library contained the following spells:

 Spells                   Type           Power        Failure   Level  Hunger
 Ensorcelled Hibernation  Hex/Ice        ##....       65%         2    ##.....
 Sandblast                Erth           #.....       98%         1    None
 Passwall                 Tmut/Erth      #.......     99%         2    ##.....
 Stone Arrow              Conj/Erth      #.....       100%        3    ###....
 Petrify                  Tmut/Erth      #.......     100%        4    ####...
 Borgnjor's Vile Clutch   Necr/Erth      #.........   100%        5    ######.
 Lee's Rapid Deconstruct  Erth           #.........   100%        5    ######.
 Silence                  Hex/Air        #.........   100%        5    ######.
 Darkness                 Hex            #.........   100%        6    #######
 Shadow Creatures         Summ           N/A          100%        6    #######


Dungeon Overview and Level Annotations

Branches:
Dungeon (10/10)            Temple (1/1) D:2
    Zot: D:10

Altars:
Ashenzari
Cheibriados
Dithmenos
Elyvilon
Fedhas
Gozag
Hepliaklqana
Kikubaaqudgha
Makhleb
Nemelex Xobeh
Okawaru
Qazlal
Ru
Sif Muna
Trog
Uskayaw
Vehumet
Wu Jian
Xom
Yredelemnul
Zin
The Shining One

Shops:
D:1 *   D:4 %   D:7 *   D:10 :


Message History

You are engulfed in poison gas.
You are more poisoned.
You feel sick.
You hit the green draconian monk. You burn the green draconian monk.
The green draconian monk is lightly wounded.
You are engulfed in poison gas.
You are more poisoned.
You feel very sick.
The green draconian monk breathes poison at you.
The blast of poison engulfs you!!
You are lethally poisoned!
* * * LOW HITPOINT WARNING * * *
You feel better.
You are engulfed in poison gas.
You are poisoned.
* * * LOW HITPOINT WARNING * * *
x2 You feel sick.
The green draconian monk hits you!
* * * LOW HITPOINT WARNING * * *
The green draconian monk kicks you.
* * * LOW HITPOINT WARNING * * *
The green draconian monk tail-slaps you!
You die...

#..##.#.....+
#........#..##
##.###.##.#...##
...............##
##.###..#.[.....##
....##..#.#......##
........#.#..#○☼§§## #
....##..#.#..##§○☼.#'#..
..............§○@q○....#
.......=.....○☼°°○○.....
..............#.######..
##..###..##...#○# #.
##..##...#○#######. #
..................#
###..####(#..#####.#
#..# #)#..#
.....##)#..#####.##


You could see a green draconian monk.

Vanquished Creatures
  A two-headed ogre (D:8)
  2 storm dragons (D:10)
  A shadow dragon (D:10)
  Pikel (D:6)
  A fire dragon (D:10)
  A white draconian (D:10)
  A hornet (D:9)
  Grinder (D:4)
  2 hippogriffs
  4 yaks (D:10)
  Eustachio (D:4)
  A hungry ghost (D:8)
  Menkaure (D:5)
  A soldier ant (D:8)
  A water moccasin (D:4)
  3 slaves (D:6)
  Duvessa (D:5)
  2 ice beasts
  3 orc warriors
  3 phantoms
  2 black bears
  5 sky beasts
  7 ogres
  4 centaurs
  3 big kobolds
  4 bullfrogs
  Blork the orc (D:4)
  Dowan (D:5)
  A scorpion (D:5)
  A water moccasin skeleton (D:7)
  14 killer bees
  5 wights (D:7)
  3 howler monkeys (D:7)
  2 crimson imps
  A quasit (D:8)
  4 bullfrog zombies
  2 centaur zombies
  3 jellies
  3 hounds
  10 orc priests
  3 bullfrog skeletons
  9 orc wizards
  Ijyb (D:4)
  2 iguanas
  8 worker ants
  A killer bee zombie (D:9)
  A hound zombie (D:5)
  4 hound skeletons
  A worker ant zombie (D:6)
  A howler monkey skeleton (D:4)
  6 adders
  3 river rats (D:6)
  3 shadow imps (D:6)
  An adder skeleton (D:4)
  4 worms
  3 dart slugs
  6 leopard geckos
  31 orcs
  3 giant cockroaches
  9 goblins
  4 hobgoblins
  15 jackals
  A quokka (D:3)
  7 bats
  6 frilled lizards
  21 kobolds
  5 rats (D:2)
  5 plants (D:6)
272 creatures vanquished.

Vanquished Creatures (others)
  A plant (D:6)
1 creature vanquished.

Grand Total: 273 creatures vanquished

Notes
Turn   | Place    | Note
-------+----------+-------------------------------------------
     0 | D:1      | Dorkslayer the Human Fighter began the quest for the Orb.
     0 | D:1      | Reached XP level 1. HP: 18/18 MP: 1/1
   315 | D:1      | Reached XP level 2. HP: 22/24 MP: 2/2
   622 | D:1      | You fall into a shaft and drop 1 floor!
   664 | D:2      | Reached XP level 3. HP: 24/29 MP: 3/3
   967 | D:1      | Found Maafisin's General Store.
   977 | D:1      | Bought 4 javelins for 44 gold pieces
  1180 | D:2      | Reached XP level 4. HP: 30/35 MP: 4/4
  1216 | D:2      | Found a staircase to the Ecumenical Temple.
  1227 | Temple   | Entered the Ecumenical Temple
  1279 | Temple   | Became a worshipper of Warmaster Okawaru
  1627 | D:2      | Found a shattered altar of Ashenzari.
  1645 | D:2      | Reached skill level 1 in Short Blades
  1645 | D:2      | Reached XP level 5. HP: 27/41 MP: 5/5
  2003 | D:3      | Reached skill level 1 in Throwing
  2122 | D:3      | Noticed a sky beast
  2139 | D:3      | Killed a sky beast
  2139 | D:3      | Reached XP level 6. HP: 25/47 MP: 6/6
  2330 | D:3      | Reached * piety under Okawaru
  2344 | D:3      | Found a glowing golden altar of the Shining One.
  2384 | D:3      | Found a snail-covered altar of Cheibriados.
  2842 | D:4      | Reached XP level 7. HP: 49/52 MP: 7/7
  2873 | D:4      | Noticed a water moccasin
  2901 | D:4      | Killed a water moccasin
  2993 | D:4      | Noticed Grinder
  3025 | D:4      | Killed Grinder
  3025 | D:4      | Reached ** piety under Okawaru
  3025 | D:4      | Reached skill level 1 in Invocations
  3025 | D:4      | Reached skill level 1 in Evocations
  3025 | D:4      | Reached XP level 8. HP: 22/60 MP: 8/8
  3046 | D:4      | Found Haungi's Food Emporium.
  3076 | D:4      | Noticed Eustachio
  3110 | D:4      | Killed Eustachio
  3110 | D:4      | Reached skill level 5 in Shields
  3315 | D:4      | Found an ancient bone altar of Kikubaaqudgha.
  3365 | D:4      | Noticed Ijyb
  3381 | D:4      | Killed Ijyb
  3423 | D:5      | Entered Level 5 of the Dungeon
  3442 | D:5      | Noticed Blork the orc
  3455 | D:4      | Killed Blork the orc
  3735 | D:5      | Reached *** piety under Okawaru
  3735 | D:5      | Reached XP level 9. HP: 32/65 MP: 9/11
  3912 | D:5      | Noticed Menkaure
  3920 | D:5      | Killed Menkaure
  3948 | D:5      | Reached skill level 5 in Short Blades
  4246 | D:5      | Noticed Duvessa
  4246 | D:5      | Noticed Dowan
  4263 | D:5      | Killed Duvessa
  4270 | D:5      | Killed Dowan
  4499 | D:5      | Reached **** piety under Okawaru
  4499 | D:5      | Reached skill level 5 in Armour
  4687 | D:6      | Received a gift from Okawaru
  4689 | D:6      | Reached skill level 5 in Long Blades
  4896 | D:6      | Found a blossoming altar of Fedhas.
  4928 | D:6      | Reached XP level 10. HP: 26/73 MP: 13/13
  5379 | D:6      | Reached skill level 5 in Invocations
  5418 | D:6      | Noticed Pikel
  5427 | D:6      | Killed Pikel
  5892 | D:7      | Reached skill level 5 in Fighting
  5990 | D:7      | Found a stormy altar of Qazlal.
  6101 | D:7      | Reached ***** piety under Okawaru
  6132 | D:7      | Found Jufount's General Store.
  6308 | D:7      | Found a sparkling altar of Nemelex Xobeh.
  6416 | D:7      | Bought a scroll of enchant armour for 105 gold pieces
  6454 | D:8      | Noticed a two-headed ogre
  6466 | D:8      | Killed a two-headed ogre
  6466 | D:8      | Reached skill level 5 in Throwing
  6466 | D:8      | Reached XP level 11. HP: 59/80 MP: 15/15
  6583 | D:8      | Found a white marble altar of Elyvilon.
  6949 | D:8      | Received a gift from Okawaru
  6949 | D:8      | Reached skill level 5 in Evocations
  7197 | D:9      | Found a basalt altar of Yredelemnul.
  7395 | D:9      | Paralysed by a hornet for 2 turns
  7399 | D:9      | Received a gift from Okawaru
  7400 | D:9      | Got the +9 demon blade "Resodosch" {flame, rC+}
  7671 | D:10     | Entered Level 10 of the Dungeon
  7706 | D:10     | Found Zadaocal's Book Shoppe.
  7750 | D:10     | Noticed a storm dragon
  7751 | D:10     | Noticed a storm dragon
  7759 | D:10     | Killed a storm dragon
  7762 | D:10     | Killed a storm dragon
  7791 | D:10     | Received a gift from Okawaru
  7796 | D:10     | Noticed a shadow dragon
  7808 | D:10     | Killed a shadow dragon
  7850 | D:10     | Noticed a green draconian monk
  7854 | D:10     | HP: 1/81 [green draconian monk (4)]
  7854 | D:10     | Mangled by a green draconian monk

Levels and vault maps discovered:
D:1:      heliophobic_arrival_enchanted_forest, layout_loops_corners,
          serial_shops, nicolae_shop_behind_doors, minmay_large_rounded_square
D:2:      layout_basic, nicolae_ashenzari_panopticon, minmay_temple_entry_trees,
          st_stairs_13
D:3:      layout_loops_cross, kennysheep_slug_shrine, lemuel_doored_altar
D:4:      layout_rooms, marbit_many_paths, serial_shops, shop, uniq_eustachio,
          uniq_grinder, uniq_ijyb
D:5:      layout_loops_ring, first_ration, corexii_leaking_fountain,
          uniq_duvessa, uniq_menkaure, uniq_blork_the_orc
D:6:      wad_woods_stonehenge, layout_rooms, grunt_tough_drop, uniq_pikel
D:7:      layout_basic, nicolae_overflow_crystal_walls,
          overflow_temple_1_default, serial_shops, shop,
          chequers_serial_rivers_room_b
D:8:      layout_rooms, elyvilon_altar_3
D:9:      layout_roguey, basic_altar
D:10:     evilmike_zot_entry_diamond, layout_basic, serial_shops,
          nicolae_shop_crystal, hangedman_fish_farm, uniq_erolcha
Temple:   eino_wide_crystal_templ

Skill      XL: |  1  2  3  4  5  6  7  8  9 10 11 |
---------------+----------------------------------+-----
Short Blades   | 1 2 3 4 5 |  5.2
Throwing       | 1 2 3 4 5 |  5.3
Shields        | 4 5 6 7 8 |  8.2
Long Blades    | 3 5 7 8 |  8.7
Armour         | 4 5 6 |  6.0
Invocations    | 1 2 4 6 7 |  7.5
Evocations     | 1 2 3 4 6 |  6.0
Fighting       | 4 5 6 |  6.0
Dodging        | |  0.9

Action                   |  1- 3 |  4- 6 |  7- 9 | 10-12 || total
-------------------------+-------+-------+-------+-------++-------
Melee: Long sword        |    31 |    28 |   184 |   464 ||   707
       Dagger            |    44 |   180 |   154 |       ||   378
       Demon blade       |       |       |       |    48 ||    48
Throw: Javelin           |       |     1 |    10 |    32 ||    43
Invok: Heroism           |       |       |       |     2 ||     2
       Finesse           |       |       |       |     1 ||     1
Evoke: Wand              |       |       |       |     2 ||     2
  Use: Scroll            |       |     4 |     2 |     3 ||     9
       Potion            |       |       |     2 |     1 ||     3
  Eat: Chunk             |     1 |     5 |     4 |     4 ||    14
       Ration            |       |       |     1 |     2 ||     3
Armor: Scale mail        |    34 |     1 |       |       ||    35
       Plate armour      |       |    81 |   140 |   192 ||   413
Dodge: Dodged            |    22 |    40 |    70 |   151 ||   283
Block: Kite shield       |    47 |    88 |   160 |   272 ||   567
       Rpst.: Long sword |     3 |     1 |    12 |    37 ||    53
       Demon blade       |       |       |       |     3 ||     3
